 Dungeon Crawl Stone Soup version 0.28.0-43-g3370ac3207 (webtiles) character file.

Game seed: 14774782662081712897

41 themarg the Sneak (level 3, 0/25 HPs)
             Began as a Gnoll Wanderer on Mar 3, 2022.
             Slain by a bat (1 damage)
             ... on level 2 of the Dungeon.
             The game lasted 00:03:59 (1347 turns).

themarg the Sneak (Gnoll Wanderer)                  Turns: 1347, Time: 00:03:59

Health: 0/25       AC:  3    Str:  9    XL:     3   Next: 52%
Magic:  7/7        EV: 13    Int:  9    God:
Gold:   28         SH:  0    Dex: 17    Spells: 7/7 levels left

rFire   . . .      SeeInvis .   a - +2 rapier (elec)
rCold   . . .      Faith    .   (no shield)
rNeg    . . .      Spirit   .   e - +0 robe
rPois   .          Reflect  .   d - +0 helmet
rElec   .          Harm     .   (no cloak)
rCorr   .          Rampage  .   (no gloves)
Will    .....                   (no boots)
Stlth   +++.......              (no amulet)
HPRegen 0.08/turn               (no ring)
MPRegen 0.10/turn               (no ring)

@: lethally poisoned (0 -> -4)
A: fangs 1, strong nose, distributed training
a: no special abilities


You were on level 2 of the Dungeon.
You visited 1 branch of the dungeon, and saw 2 of its levels.

You collected 28 gold pieces.

Inventory:

Hand Weapons
 a - a +2 rapier of electrocution (weapon)
 b - a +0 hunting sling
 l - a +0 vorpal quarterstaff
Missiles
 c - 66 sling bullets
 f - 53 stones (quivered)
Armour
 d - a +0 helmet (worn)
 e - a +0 robe (worn)
 h - a +0 leather armour
Scrolls
 g - a scroll of amnesia {unknown}
 i - a scroll of identify {unknown}
 k - a scroll of silence {unknown}
 m - a scroll of blinking {unknown}
Potions
 n - a potion of flight {unknown}


   Skills:
 + Level 0.8 Fighting
 + Level 0.8 Short Blades
 + Level 0.8 Long Blades
 + Level 0.8 Axes
 + Level 0.8 Maces & Flails
 + Level 0.8 Polearms
 + Level 4.5 Staves
 + Level 4.5 Slings
 + Level 0.8 Bows
 + Level 0.8 Crossbows
 + Level 0.8 Throwing
 + Level 2.6 Armour
 + Level 2.6 Dodging
 + Level 6.0 Stealth
 + Level 0.8 Shields
 + Level 0.8 Unarmed Combat
 + Level 2.8 Spellcasting
 + Level 0.5 Conjurations
 + Level 0.5 Hexes
 + Level 0.5 Summonings
 + Level 0.5 Necromancy
 + Level 0.5 Translocations
 + Level 0.5 Transmutations
 + Level 0.5 Fire Magic
 + Level 0.5 Ice Magic
 + Level 0.5 Air Magic
 + Level 0.5 Earth Magic
 + Level 0.5 Poison Magic
 + Level 1.0 Invocations
 + Level 0.8 Evocations


You had 7 spell levels left.
You didn't know any spells.
Your spell library was empty.

Dungeon Overview and Level Annotations

Branches:
Dungeon (2/15)

Altars:


Innate Abilities, Weirdness & Mutations

You have very sharp teeth.
Your uncanny sense of smell can sniff out nearby items.
Your experience applies equally to all skills.


Message History

The bat misses you. The hobgoblin hits you.
You closely miss the hobgoblin. Your bite misses the hobgoblin.
The bat barely misses you. The hobgoblin misses you.
You hit the hobgoblin.
You kill the hobgoblin!
The bat misses you. The bat hits you but does no damage.
The bat hits you but does no damage.
The goblin hits you with a +1 dagger of venom.
You are poisoned.
You hit the goblin.
The goblin is heavily wounded.
You feel very sick. The bat misses you.
The goblin hits you with a +1 dagger of venom.
You are lethally poisoned!
You barely miss the goblin.
The goblin is heavily wounded.
You feel very sick. The bat hits you but does no damage.
The goblin hits you but does no damage.
You hit the goblin.
You kill the goblin!
You feel very sick. The bat closely misses you.
The bat hits you but does no damage.
* * * LOW HITPOINT WARNING * * *
You feel sick. The bat hits you but does no damage. The bat hits you.
* * * LOW HITPOINT WARNING * * *
You see here a +1 dagger of venom.
You hit the bat.
The bat is severely wounded.
* * * LOW HITPOINT WARNING * * *
You feel sick. The bat barely misses you.
It was a potion of magic.
Magic courses through your body.
* * * LOW HITPOINT WARNING * * *
You feel sick. The bat closely misses you.
You barely miss the bat.
The bat is severely wounded.
* * * LOW HITPOINT WARNING * * *
You feel sick. The bat hits you.
You die...

...................
................[.#
...†..............#
.........##.....#.#
...††...........#.#####
.........#............##
#........#.............#
.........#.....b........
.........#......@.......
......####..............
......# #..............
.....## #..............
#...## ##............#
##..# ##............
#..# #############
##..#### .......#


You could see a bat.

Vanquished Creatures
  An adder (D:2)
  A worm (D:2)
  A ball python (D:1)
  6 endoplasms
  A giant cockroach (D:1)
  6 goblins
  A hobgoblin (D:2)
  4 kobolds
  4 bats
  A frilled lizard (D:2)
  A rat (D:2)
27 creatures vanquished.

Notes
Turn   | Place    | Note
-------+----------+-------------------------------------------
     0 | D:1      | themarg the Gnoll Wanderer began the quest for the Orb.
     0 | D:1      | themarg set off with the following items: a +0 vorpal
                  | quarterstaff, a +0 hunting sling, 23 sling bullets, a +0
                  | helmet, a +0 robe
     0 | D:1      | Reached XP level 1. HP: 13/13 MP: 4/4
    96 | D:1      | Found a faded altar of an unknown god.
   220 | D:1      | Reached XP level 2. HP: 17/19 MP: 5/5
  1157 | D:2      | Reached XP level 3. HP: 25/25 MP: 7/7
  1237 | D:2      | Reached skill level 6 in Stealth
  1239 | D:2      | Reached skill level 1 in Invocations
  1347 | D:2      | HP: 1/25 [poisoned by a goblin]
  1347 | D:2      | Slain by a bat

Illustrated notes

Levels and vault maps discovered:
D:1:      grunt_arrival_crossed_arrows, layout_loops_ring,
          basic_ecumenical_altar, minmay_tripent
D:2:      layout_rooms, minmay_rat_gold_closets, uniq_natasha

Skill      XL: |  1  2  3 |
---------------+----------+-----
Stealth        | 6 |  6.0
Invocations    | 1 |  1.0
Fighting       | |  0.8
Short Blades   | |  0.8
Long Blades    | |  0.8
Axes           | |  0.8
Maces & Flails | |  0.8
Polearms       | |  0.8
Staves         | |  4.5
Slings         | |  4.5
Bows           | |  0.8
Crossbows      | |  0.8
Throwing       | |  0.8
Armour         | |  2.6
Dodging        | |  2.6
Shields        | |  0.8
Unarmed Combat | |  0.8
Spellcasting   | |  2.8
Conjurations   | |  0.5
Hexes          | |  0.5
Summonings     | |  0.5
Necromancy     | |  0.5
Translocations | |  0.5
Transmutations | |  0.5
Fire Magic     | |  0.5
Ice Magic      | |  0.5
Air Magic      | |  0.5
Earth Magic    | |  0.5
Poison Magic   | |  0.5
Evocations     | |  0.8

Action                   || total
-------------------------++-------
Melee: Quarterstaff      ||    19
       Rapier            ||    40
       Bite              ||     4
       Punch             ||     1
  Use: Potion            ||     1
 Stab: Sleeping          ||    10
Armor: Robe              ||    20
Dodge: Dodged            ||    39
